 Dungeon Crawl Stone Soup version 0.21-a0-529-g8c7b3f5 (webtiles) character file.

372 slep the Chopper (level 6, 0/32 HPs)
             Began as a Vine Stalker Gladiator on Dec 10, 2017.
             Was an Initiate of Okawaru.
             Slain by a bullfrog (7 damage)
             ... on level 4 of the Dungeon.
             The game lasted 00:10:40 (2020 turns).

slep the Chopper (Vine Stalker Gladiator)           Turns: 2020, Time: 00:10:41

Health: 0/32       AC:  4    Str: 17    XL:     6   Next: 71%
Magic:  0/7        EV: 13    Int:  8    God:    Okawaru [......]
Gold:   14         SH:  0    Dex: 17    Spells: 5/5 levels left

rFire    . . .     SeeInvis .   a - +0 war axe
rCold    + . .     Gourm    .   (no shield)
rNeg     . . .     Faith    .   b - +0 leather armour
rPois    .         Spirit   +   c - +0 helmet
rElec    .         Reflect  .   (no cloak)
rCorr    .         Harm     .   (no gloves)
MR       .....                  (no boots)
Stlth    ++........             (no amulet)
HPRegen  0.50/turn              x - ring of protection from cold
MPRegen  0.10/turn              (no ring)

@: no status effects
A: fangs 2, regeneration 1, magic shield, antimagic bite, no potion heal 3, rot
immunity
a: Renounce Religion


You were on level 4 of the Dungeon.
You worshipped Okawaru.
Okawaru was noncommittal.
You were not hungry.

You visited 1 branch of the dungeon, and saw 4 of its levels.

You collected 134 gold pieces.
You spent 120 gold pieces at shops.

Inventory:

Hand Weapons
 a - a +0 war axe (weapon)
 q - a cursed -1 spear
Missiles
 d - 4 throwing nets (quivered)
Armour
 b - a +0 leather armour (worn)
 c - a +0 helmet (worn)
Jewellery
 x - a ring of protection from cold (left hand)
Scrolls
 g - 3 scrolls of teleportation {unknown}
 h - 2 scrolls of fog {unknown}
 i - 2 scrolls of magic mapping {unknown}
 l - 4 scrolls of immolation {unknown}
 m - 4 scrolls of blinking {unknown}
 r - 2 scrolls of amnesia {unknown}
 s - 2 scrolls of remove curse {unknown}
 u - a scroll of acquirement {unknown}
 y - a scroll of summoning {unknown}
Potions
 e - 3 potions of brilliance {unknown}
 j - a potion of lignification {unknown}
 k - 4 potions of heal wounds {unknown}
 o - a potion of curing {unknown}
 p - a potion of experience {unknown}
 t - 3 potions of haste {unknown}
Comestibles
 f - 4 bread rations
 n - 2 meat rations
 v - a chunk of flesh
 w - a royal jelly


   Skills:
 + Level 3.0 Fighting
 + Level 4.9 Axes
 + Level 1.9 Throwing
 + Level 1.6 Armour
 + Level 3.2 Dodging
 + Level 1.8 Stealth


You had 5 spell levels left.
You didn't know any spells.

Dungeon Overview and Level Annotations

Branches:
Dungeon (4/15)
 Temple: D:4-7

Altars:
Dithmenos
Okawaru
Xom
The Shining One

Shops:
D:4 *


Innate Abilities, Weirdness & Mutations

You have extremely sharp teeth.
Your natural rate of healing is unusually fast.
When hurt, damage is shared between your health and your magic reserves.
Your bite disrupts and absorbs the magic of your enemies.
Potions cannot restore your health.
You are immune to rotting.


Message History

An ooze comes into view.
You slash the orc priest!
The orc priest is severely wounded.
You barely miss the bullfrog. The bullfrog hits you!
The orc priest hits you with a flail!
The bullfrog hits you but does no damage.
An orc comes into view.
You slash the orc priest!
You kill the orc priest!
Okawaru accepts your kill.
Your Fighting skill increases to level 3!
You closely miss the bullfrog. The bullfrog barely misses you.
You completely miss the orc. You bite the orc, but do no damage.
You closely miss the bullfrog. The bullfrog misses you. The bullfrog hits you!
You barely miss the orc. Your bite misses the orc.
You barely miss the bullfrog. You barely miss the orc.
The bullfrog closely misses you. The orc hits you.
* * * LOW HITPOINT WARNING * * *
The bullfrog hits you!
You die...

#....... #?..... #####
##+##..)... ...
#......... ...
#...=....# # #.#
#......Jo #.##.#
#.....Fo# #....#
#.....o@##########.#
#...(..........).#.#####
##.####.#######.##......
.........#....#....
#...# ###..<......##
#...# #......†......
#...# #.....††....∩#
#...# #............#
#... #.............


You could see a bullfrog, an ooze and 3 orcs.

Vanquished Creatures
  2 orc priests
  3 orc wizards (D:3)
  A hound skeleton (D:4)
  4 gnolls (D:3)
  7 adders
  2 oozes
  A worm (D:3)
  A dart slug (D:3)
  2 leopard geckos (D:3)
  7 orcs (D:3)
  7 giant cockroaches
  7 goblins
  6 hobgoblins
  11 jackals
  8 kobolds
  2 quokkas
  15 bats
  7 frilled lizards
  9 rats
102 creatures vanquished.

Notes
Turn   | Place    | Note
-------+----------+-------------------------------------------
     0 | D:1      | slep the Vine Stalker Gladiator began the quest for the Orb.
     0 | D:1      | Reached XP level 1. HP: 11/11 MP: 2/2
   128 | D:1      | Reached XP level 2. HP: 10/15 MP: 3/3
   142 | D:1      | Reached skill level 3 in Axes
   414 | D:1      | Reached XP level 3. HP: 18/18 MP: 4/4
   755 | D:2      | Gained mutation: Your natural rate of healing is unusually fast. [Vine Stalker growth]
   755 | D:2      | Reached XP level 4. HP: 5/23 MP: 3/5
  1202 | D:3      | Reached skill level 1 in Armour
  1216 | D:3      | Found a shadowy altar of Dithmenos.
  1284 | D:3      | Reached XP level 5. HP: 20/26 MP: 4/6
  1291 | D:3      | Reached skill level 1 in Stealth
  1295 | D:3      | Reached skill level 4 in Axes
  1489 | D:3      | Found a glowing golden altar of the Shining One.
  1494 | D:3      | Reached XP level 6. HP: 28/32 MP: 5/7
  1534 | D:3      | Found an iron altar of Okawaru.
  1542 | D:3      | Became a worshipper of Warmaster Okawaru
  1886 | D:3      | Found a basalt altar of Yredelemnul.
  1897 | D:3      | Found a glowing silver altar of Zin.
  1897 | D:3      | Found a blossoming altar of Fedhas.
  1899 | D:3      | Found a burning altar of Makhleb.
  1899 | D:3      | Found a shimmering altar of Xom.
  1899 | D:3      | Found a deep blue altar of Sif Muna.
  1968 | D:4      | Found Cyatan's Assorted Antiques.
  1994 | D:4      | Bought a scroll labeled JYXANN VAXU for 30 gold pieces
  1994 | D:4      | Bought a scroll labeled POEKAU FYEBBUST for 30 gold pieces
  1994 | D:4      | Bought a scroll labeled RUBYKK PUAZOU for 30 gold pieces
  1994 | D:4      | Bought a scroll labeled QAENYCRESK for 30 gold pieces
  2020 | D:4      | Slain by a bullfrog

Vault maps used:
D:1:      mrwooster_arrival_statue, minmay_fountain_box, hex_tiny,
          minmay_pentomino_o4
D:2:      first_bread, serial_bayou_pond_b
D:3:      minmay_diamond_boxcup, overflow_temple_1_default, doesnt_xom_only_xom,
          grunt_dithmenos_smoke, okawaru_gym_becter
D:4:      serial_shops, shop, grunt_tough_drop

Skill      XL: |  1  2  3  4  5  6 |
---------------+-------------------+-----
Axes           | 3 4 |  4.9
Fighting       | 2 3 |  3.0
Armour         | 1 |  1.6
Dodging        | 3 |  3.2
Stealth        | 1 |  1.8
Throwing       | |  1.9

Action                   |  1- 3 |  4- 6 || total
-------------------------+-------+-------++-------
Melee: War axe           |    94 |   170 ||   264
       Bite              |    20 |    46 ||    66
 Stab: Sleeping          |     2 |     5 ||     7
       Distracted        |       |     1 ||     1
  Eat: Chunk             |       |     4 ||     4
Armor: Leather armour    |    33 |    62 ||    95
Dodge: Dodged            |    93 |   151 ||   244

Table legend:
 A = Spawn XP
 B = Non-spawn XP
 C = Spawn XP percentage of total XP
 D = Spawn monster count
 E = Non-spawn monster count
 F = Spawn count percentage of total count
 G = Total turns spent on level
                    A         B        C        D         E        F      G
               +---------+---------+-------+---------+---------+-------+---------
         Total |       0 |     532 |   0.0 |       0 |     102 |   0.0 |  2020
               +---------+---------+-------+---------+---------+-------+---------
           D:1 |       0 |      41 |   0.0 |       0 |      26 |   0.0 |   641
           D:2 |       0 |      89 |   0.0 |       0 |      23 |   0.0 |   548
           D:3 |       0 |     336 |   0.0 |       0 |      48 |   0.0 |   779
           D:4 |       0 |      66 |   0.0 |       0 |       5 |   0.0 |    52
               +---------+---------+-------+---------+---------+-------+---------
